 Dungeon Crawl Stone Soup version 0.27-a0-1272-g7c8ad2e407 (webtiles) character file.

Game seed: 564461851927357926

5796 Kinoniko the Fencer (level 10, -6/77 HPs)
             Began as a Minotaur Fighter on June 11, 2021.
             Was a Follower of the Shining One.
             Splashed by an acid dragon's acid (15 damage)
             ... on level 8 of the Dungeon.
             The game lasted 00:09:55 (10619 turns).

Kinoniko the Fencer (Minotaur Fighter)             Turns: 10619, Time: 00:09:55

Health: -6/77      AC:  8    Str: 30    XL:     10   Next: 50%
Magic:  9/9        EV:  5    Int:  7    God:    the Shining One [*.....]
Gold:   494        SH: 11    Dex:  9    Spells: 9/9 levels left

rFire    . . .     SeeInvis .   a - +3 long sword
rCold    . . .     Faith    .   c - +1 kite shield
rNeg     . . .     Spirit   .   i - +0 plate armour
rPois    +         Reflect  .   (helmet restricted)
rElec    .         Harm     .   (no cloak)
rCorr    .         Rampage  .   l - +0 pair of gloves
Will     .....                  (no boots)
Stlth    ..........             (no amulet)
HPRegen  0.22/turn              q - ring "Zuacs" {*Slow Fly rPois Str+7}
MPRegen  0.11/turn              (no ring)

@: corroded, flying, slowed, glowing, very slow
A: horns 2, retaliatory headbutt
a: Renounce Religion


You were on level 8 of the Dungeon.
You worshipped the Shining One.
The Shining One was aware of your devotion.
You visited 2 branches of the dungeon, and saw 10 of its levels.

You collected 494 gold pieces.

Inventory:

Hand Weapons
 a - a +3 long sword (weapon)
Missiles
 n - 2 throwing nets (quivered)
 t - a curare-tipped dart
Armour
 c - a +1 kite shield (worn)
 d - a +0 chain mail
 i - a +0 plate armour (worn)
 l - a +0 pair of gloves (worn)
Jewellery
 q - the ring "Zuacs" (left hand) {*Slow Fly rPois Str+7}
   (You found it on level 7 of the Dungeon)

   [ring of flight]

   It affects your strength (+7).
   It protects you from poison.
   It grants you flight.
   It may slow you when you take damage.
 w - an amulet of guardian spirit
Wands
 b - a wand of polymorph (15)
 f - a wand of digging (4)
 h - a wand of flame (40)
 u - a wand of charming (15)
Scrolls
 j - 2 scrolls of teleportation
 k - 4 scrolls of identify
 s - a scroll of acquirement {unknown}
Potions
 e - a potion of ambrosia {unknown}
 g - a potion of flight {unknown}
 m - a potion of haste
 o - 4 potions of curing
 p - a potion of resistance {unknown}
 r - a potion of brilliance {unknown}
 v - a potion of cancellation {unknown}


   Skills:
 - Level 3.6 Fighting
 * Level 17.5 Long Blades
 - Level 3.6 Armour
 - Level 3.6 Shields


You had 9 spell levels left.
You didn't know any spells.
Your spell library was empty.

Dungeon Overview and Level Annotations

Branches:
Dungeon (9/15)             Temple (1/1) D:7            Lair (0/6) D:8
    Orc: D:9-12

Altars:
Ashenzari
Cheibriados
Dithmenos
Elyvilon
Fedhas
Gozag
Hepliaklqana
Kikubaaqudgha
Makhleb
Nemelex Xobeh
Qazlal
Sif Muna
Trog
Uskayaw
Vehumet
Wu Jian
Xom
Yredelemnul
Zin
The Shining One


Innate Abilities, Weirdness & Mutations

You have a pair of horns on your head.
You reflexively headbutt those who attack you in melee.


Message History

You fly upwards.
There is a stone staircase leading down here.
You hit the acid dragon.
The acid dragon is lightly wounded.
The wraith hits you! The wraith drains your vigour!
You feel yourself slow down. The kobold barely misses you.
You furiously retaliate!
You headbutt the kobold, but do no damage.
The acid dragon bites you.
The acid dragon claws you but does no damage.
You barely miss the acid dragon. Your headbutt misses the acid dragon.
The acid dragon is lightly wounded.
You block the wraith's attack. You block the kobold's attack.
The acid dragon bites you. The acid dragon claws you.
The wraith barely misses you. You furiously retaliate!
You headbutt the wraith!
You riposte.
You slash the wraith! You headbutt the wraith.
The wraith is almost destroyed.
The kobold hits you but does no damage.
You slash the acid dragon!
The acid dragon is heavily wounded.
The acid dragon bites you. You block the acid dragon's attack.
The kobold hits you with a +0 short sword.
The wraith hits you but does no damage. The acid dragon spits acid at you.
The splash of acid hits you. The acid corrodes you!
You are splashed with acid!
Your shield prevents you from hitting the acid dragon.
The acid dragon is heavily wounded.
The wraith hits you. You block the kobold's attack.
The acid dragon bites you but does no damage.
You block the acid dragon's attack. The wraith barely misses you.
You furiously retaliate!
You headbutt the wraith, but do no damage.
The kobold hits you with a +0 short sword.
You hit the acid dragon.
The acid dragon is almost dead.
The acid dragon spits acid at you. The splash of acid hits you!
* * * LOW HITPOINT WARNING * * *
You are splashed with acid!
You die...

...........P..P..# #.#
..........P....P.## #.#
.............÷....# ##.###
...........P....P.# #.....
..P....>....P.P...## #.(###
...................#########..#
..........P.P..[..............#
..)............W..###########.#
...........P.P..@D...÷........#
.......P...P..PK###############
..........P....##
##...........#.#
###P.......##.# ##.###.#.##.#
#.....#.##.# #######....#
######


You could see a wraith, an acid dragon (catching breath) and a kobold.

Vanquished Creatures
  2 komodo dragons (D:8)
  A komodo dragon (shapeshifter) (D:8)
  Sigmund (D:5)
  Eustachio (D:6)
  4 yaks (D:8)
  A steam dragon (D:8)
  2 water moccasins (D:8)
  Duvessa (D:5)
  3 black bears (D:8)
  2 necrophages
  2 orc warriors
  A hornet zombie (D:7)
  2 ogres (D:6)
  4 centaurs
  2 kobold brigands (D:7)
  5 bullfrogs
  Dowan (D:5)
  A water moccasin zombie (D:7)
  4 scorpions
  2 water moccasin skeletons (D:4)
  19 killer bees (D:8)
  A howler monkey (D:8)
  A bullfrog zombie (D:5)
  2 hounds
  4 jellies (D:6)
  A bullfrog skeleton (D:5)
  2 orc priests (D:8)
  2 iguanas
  6 orc wizards
  2 killer bee zombies
  6 gnolls
  3 adders
  A white imp (D:5)
  2 ufetubi
  An adder skeleton (D:4)
  A worm (D:2)
  A dart slug (D:5)
  26 orcs
  6 ball pythons
  6 endoplasms
  A giant cockroach (D:3)
  6 goblins
  5 hobgoblins
  5 jackals
  21 kobolds
  2 quokkas
  4 frilled lizards
  6 rats
  A spectral orc (D:5)
186 creatures vanquished.

Vanquished Creatures (others)
  A howler monkey skeleton (D:7)
  48 fungi (D:8)
  53 plants
102 creatures vanquished.

Grand Total: 288 creatures vanquished

Notes
Turn   | Place    | Note
-------+----------+-------------------------------------------
     0 | D:1      | Kinoniko the Minotaur Fighter began the quest for the Orb.
     0 | D:1      | Reached XP level 1. HP: 19/19 MP: 0/0
   468 | D:1      | Reached skill level 3 in Long Blades
   482 | D:1      | Reached XP level 2. HP: 14/26 MP: 1/1
  1142 | D:2      | Reached skill level 4 in Long Blades
  1415 | D:2      | Reached XP level 3. HP: 10/31 MP: 2/2
  1718 | D:2      | Reached skill level 5 in Long Blades
  1718 | D:2      | Reached XP level 4. HP: 30/39 MP: 3/3
  1851 | D:2      | Found an ornate altar of the Wu Jian Council.
  1944 | D:2      | Found a faded altar of an unknown god.
  2011 | D:3      | Reached skill level 6 in Long Blades
  2306 | D:3      | Noticed a necrophage
  2313 | D:3      | Killed a necrophage
  2314 | D:3      | Reached skill level 7 in Long Blades
  2314 | D:3      | Reached XP level 5. HP: 34/45 MP: 4/4
  2670 | D:3      | Found a shadowy altar of Dithmenos.
  3028 | D:4      | Reached XP level 6. HP: 45/51 MP: 5/5
  3075 | D:4      | Reached skill level 8 in Long Blades
  3830 | D:5      | Entered Level 5 of the Dungeon
  3921 | D:5      | Reached skill level 9 in Long Blades
  3967 | D:5      | Noticed Dowan
  3970 | D:5      | Noticed Duvessa
  4029 | D:5      | Killed Duvessa
  4030 | D:5      | Reached XP level 7. HP: 27/57 MP: 6/6
  4049 | D:5      | Killed Dowan
  4307 | D:5      | Found an ancient bone altar of Kikubaaqudgha.
  4307 | D:5      | Found a blossoming altar of Fedhas.
  4315 | D:5      | Found a sparkling altar of Nemelex Xobeh.
  4317 | D:5      | Found a bloodstained altar of Trog.
  4319 | D:5      | Found a broken altar of Ashenzari.
  4473 | D:5      | Reached skill level 10 in Long Blades
  4491 | D:5      | Noticed Sigmund
  4503 | D:5      | Killed Sigmund
  4821 | D:5      | Reached skill level 11 in Long Blades
  4932 | D:5      | Reached XP level 8. HP: 29/64 MP: 7/7
  5487 | D:5      | Found a basalt altar of Yredelemnul.
  6054 | D:6      | Reached skill level 12 in Long Blades
  6247 | D:6      | Noticed Eustachio
  6267 | D:6      | Killed Eustachio
  6272 | D:6      | Reached skill level 13 in Long Blades
  6353 | D:6      | Found a hide-covered altar of Uskayaw.
  6542 | D:6      | Found an opulent altar of Gozag.
  7043 | D:7      | Found a staircase to the Ecumenical Temple.
  7056 | Temple   | Entered the Ecumenical Temple
  7374 | Temple   | Became a worshipper of the Shining One
  7608 | D:7      | Reached XP level 9. HP: 62/70 MP: 8/8
  7697 | D:7      | Identified the ring "Zuacs" {*Slow Fly rPois Str+7}
  7753 | D:7      | Reached skill level 14 in Long Blades
  8498 | D:8      | Reached skill level 15 in Long Blades
  9195 | D:8      | Noticed a komodo dragon
  9209 | D:8      | Reached * piety under the Shining One
  9213 | D:8      | Killed a komodo dragon
  9214 | D:8      | Reached skill level 16 in Long Blades
  9218 | D:8      | Reached XP level 10. HP: 39/77 MP: 9/9
  9308 | D:8      | HP: 3/77 [something] (4)]
  9928 | D:8      | Reached skill level 17 in Long Blades
  9956 | D:8      | Noticed a cane toad
 10221 | D:8      | Found a staircase to the Lair.
 10619 | D:8      | Splashed by an acid dragon's acid

Illustrated notes

Levels and vault maps discovered:
D:1:      minmay_arrival_widening_spiral_narrow, layout_basic
D:2:      layout_basic, basic_altar, hellmonk_ecumenical_altar_heavens_door
D:3:      layout_basic, nicolae_dithmenos_shadow_blocks
D:4:      layout_loops_cross, minmay_unequal
D:5:      layout_basic, yredelemnul_forgotten_temple_becter,
          chequers_temple_overflow_minitemple, minivault_25,
          roderic_filled_cross, uniq_sigmund, uniq_duvessa
D:6:      layout_layer_cave, kennysheep_mini,
          nicolae_gozag_cash_rules_everything_around_me, uniq_eustachio
D:7:      layout_rooms, minmay_temple_entry_overgrown
D:8:      layout_basic, due_lair_maze_entry_diamond
D:9:      layout_cave_pools, hiddenorc2_lemuel, special_room [special_room_orc],
          uniq_joseph
Temple:   minmay_temple_curvy_loop

Skill      XL: |  1  2  3  4  5  6  7  8  9 10 |
---------------+-------------------------------+-----
Long Blades    | 3 4 5 7 9 11 13 16 17 | 17.5
Fighting       | |  3.6
Armour         | |  3.6
Shields        | |  3.6

Action                   |  1- 3 |  4- 6 |  7- 9 | 10-12 || total
-------------------------+-------+-------+-------+-------++-------
Melee: Long sword        |    83 |   132 |   280 |    82 ||   577
       Headbutt          |     7 |    20 |    37 |    15 ||    79
  Use: Potion            |     2 |     1 |     7 |     1 ||    11
       Scroll            |       |    11 |     3 |     2 ||    16
 Stab: Distracted        |       |       |     1 |       ||     1
Armor: Scale mail        |    42 |    54 |       |       ||    96
       Chain mail        |       |    18 |    69 |       ||    87
       Skin              |       |       |     5 |       ||     5
       Plate armour      |       |       |    75 |    46 ||   121
Dodge: Dodged            |    27 |    37 |    61 |    12 ||   137
Block: Kite shield       |    48 |    84 |   160 |    38 ||   330
       Rpst.: Long sword |     7 |     9 |    14 |     2 ||    32

Table legend: (Time is in decaauts)
 A = Elapsed time spent in this place.
 B = Non-inter-level travel time spent in this place.
 C = Inter-level travel time spent in this place.
 D = Time resting spent in this place.
 E = Time spent auto-exploring this place.
 F = Levels seen in this place.
 G = Mean time per level.
                   A        B        C        D        E       F      G
               +--------+--------+--------+--------+--------+-----+--------+
         Total |  10679 |  10358 |    321 |   3409 |   5737 |  10 | 1067.9 |
       Dungeon |  10139 |   9958 |    181 |   3251 |   5533 |   9 | 1126.6 |
        Temple |    540 |    400 |    140 |    158 |    204 |   1 |  540.0 |
               +--------+--------+--------+--------+--------+-----+--------+

Top non-repeatable levels by time:
     D:5: 2127 daAuts
     D:8: 2123 daAuts
     D:1: 1147 daAuts
     D:6: 1060 daAuts
     D:3: 988 daAuts
     D:4: 950 daAuts
     D:7: 880 daAuts
     D:2: 853 daAuts
  Temple: 540 daAuts
     D:9: 6 daAuts
